Tampa Bay Lightning vs Pittsburgh Penguins
(R1)
Created - Thursday, February 22, 2024 at 06:47
Goals
|
| Tampa Bay Lightning |
0 |
1 |
0 |
1 |
| Pittsburgh Penguins |
1 |
1 |
2 |
4 |
|
Shots
|
| Tampa Bay Lightning |
11 |
8 |
3 |
22 |
| Pittsburgh Penguins |
8 |
14 |
11 |
33 |
|
1st period
1. Pittsburgh Penguins , Sam Reinhart 9 (Pavel Buchnevich 9) at 3:25
Penalties :
Tom Wilson (PIT) for Slashing (Minor) at 1:17, Hampus Lindholm (TBL) for Interference (Minor) at 7:53
2nd period
2. Tampa Bay Lightning , Logan Couture 4 (Kirill Kaprizov 5, Roope Hintz 8) at 12:20 (PP)
3. Pittsburgh Penguins , Sam Reinhart 10 (Erik Karlsson 9, Brian Dumoulin 2) at 14:31 (PP)
Penalties :
Erik Karlsson (PIT) for Hooking (Minor) at 0:54, Phillip Danault (PIT) for Kneeing (Minor) at 11:36, Hampus Lindholm (TBL) for Roughing (Minor) at 13:08
3rd period
4. Pittsburgh Penguins , Phillip Danault 3 (Erik Gudbranson 2, Jordan Eberle 1) at 3:12
5. Pittsburgh Penguins , Tom Wilson 2 (Ryan Suter 2) at 16:18
Penalties :
Brian Dumoulin (PIT) for Holding (Minor) at 9:07
Goalie Stats
Jeremy Swayman (TBL), 29 saves from 33 shots - (0.879), L, 3-2-0, 60:00 minutes
Marc-Andre Fleury (PIT), 21 saves from 22 shots - (0.955), W, 8-3-1, 60:00 minutes
Players Stats for Tampa Bay Lightning
Player Name G A P +/- PIM S H SB GA TA FO MP PP MP PK MP
------------------------------------------------------------------------------------
Anze Kopitar 0 0 0 0 0 2 0 0 1 0 13/27 21:55 3:34 1:53
Blake Lizotte 0 0 0 0 0 0 0 0 0 0 0/0 2:48 0:00 0:31
Darnell Nurse 0 0 0 -2 0 2 0 3 0 1 0/0 22:47 2:22 1:11
Dylan Cozens 0 0 0 -1 0 0 0 0 1 0 1/1 10:57 0:09 0:38
Gustav Nyquist 0 0 0 0 0 1 0 0 2 0 1/1 15:20 0:06 0:48
Hampus Lindholm 0 0 0 -1 4 1 0 2 0 1 0/0 21:24 2:22 0:00
Johnny Gaudreau 0 0 0 0 0 3 1 0 1 0 0/0 20:21 3:37 0:00
Kirill Kaprizov 0 1 1 -2 0 2 3 0 0 0 0/0 14:15 3:01 0:14
Logan Couture 1 0 1 0 0 3 3 0 0 1 7/13 19:08 3:01 1:54
Michael Matheson 0 0 0 -1 0 2 0 0 0 1 0/0 23:26 4:19 0:00
Moritz Seider 0 0 0 0 0 1 2 1 1 0 0/0 24:12 4:19 1:22
Roope Hintz 0 1 1 0 0 2 3 0 0 0 0/0 17:26 3:01 0:00
Ryan Graves 0 0 0 -1 0 0 0 0 0 1 0/0 13:20 0:00 1:22
Tomas Hertl 0 0 0 -1 0 0 1 0 0 0 1/2 15:13 0:00 0:00
Travis Konecny 0 0 0 0 0 3 2 0 0 0 0/0 21:27 3:34 1:26
Trevor Moore 0 0 0 -3 0 0 1 0 0 1 0/0 9:45 0:00 0:00
Tyler Toffoli 0 0 0 -2 0 0 0 0 0 0 0/1 8:58 0:00 0:09
Vladislav Gavrikov 0 0 0 -1 0 0 2 1 0 1 0/0 13:54 0:00 2:00
Players Stats for Pittsburgh Penguins
Player Name G A P +/- PIM S H SB GA TA FO MP PP MP PK MP
------------------------------------------------------------------------------------
Anders Lee 0 0 0 0 0 1 0 0 0 0 2/2 16:26 1:40 0:10
Brian Dumoulin 0 1 1 2 2 0 3 1 0 1 0/0 20:37 1:43 2:23
Colton Sissons 0 0 0 1 0 0 1 0 0 0 3/3 8:52 0:07 0:00
Erik Gudbranson 0 1 1 1 0 0 0 1 0 1 0/0 16:13 0:00 0:54
Erik Karlsson 0 1 1 0 2 2 1 1 1 0 0/0 22:07 1:39 2:00
Gabriel Vilardi 0 0 0 1 0 0 0 0 0 0 0/0 9:12 0:48 0:00
J.J. Moser 0 0 0 1 0 0 2 0 0 0 0/0 16:58 0:00 1:34
Jean-Gabriel Pageau 0 0 0 0 0 1 1 0 0 0 4/10 16:16 1:40 0:00
Jordan Eberle 0 1 1 1 0 2 1 0 0 1 0/1 12:37 0:49 0:00
Leon Draisaitl 0 0 0 0 0 7 3 0 0 0 8/18 18:37 0:46 3:16
Mattias Ekholm 0 0 0 0 0 0 0 1 0 1 0/0 22:58 1:39 3:16
Mitchell Marner 0 0 0 0 0 5 2 0 3 1 0/0 18:58 0:46 3:16
Pavel Buchnevich 0 1 1 1 0 3 2 0 0 0 1/1 18:16 0:46 3:15
Phillip Danault 1 0 1 1 2 2 1 0 0 0 4/10 12:24 0:01 0:10
Ryan Johansen 0 0 0 1 0 2 0 0 3 0 0/0 12:20 0:21 0:00
Ryan Suter 0 1 1 2 0 1 0 0 0 1 0/0 21:22 1:43 3:15
Sam Reinhart 2 0 2 1 0 5 0 0 0 0 0/0 19:42 1:42 3:15
Tom Wilson 1 0 1 2 2 2 0 0 0 0 0/0 9:20 0:40 0:00
3 Stars
1 - Sam Reinhart (PIT)
2 - Marc-Andre Fleury (PIT)
3 - Tom Wilson (PIT)
Power Play
Tampa Bay Lightning - 1 on 4 Attempt(s) - 25.00%
Pittsburgh Penguins - 1 on 2 Attempt(s) - 50.00%
Penalty Kill
Tampa Bay Lightning - 1 on 2 Attempt(s) - 50.00%
- Score 0 goal in Penalty Kill
Pittsburgh Penguins - 3 on 4 Attempt(s) - 75.00%
- Score 0 goal in Penalty Kill
Team Stat
Tampa Bay Lightning - Hits : 18 - Faceoff Wins : 23 - Blocked Shots : 7 - Penalty Minutes : 4
Pittsburgh Penguins - Hits : 17 - Faceoff Wins : 22 - Blocked Shots : 4 - Penalty Minutes : 8
Official
Referees : Brad Watson and Wes McCauley
Linesman : Vaughan Rody and John Grandt
Game Notes
No Game Note
Finance
Level 1 -- Attendance: 4495 (74.92%) -- Ticket Income $449,500
Level 2 -- Attendance: 3505 (70.10%) -- Ticket Income $210,300
Level 3 -- Attendance: 2460 (82.00%) -- Ticket Income $86,100
Level 4 -- Attendance: 3441 (68.82%) -- Ticket Income $86,025
Luxury Box -- Attendance: 798 (79.80%) -- Ticket Income $159,600
Game was played at the Consol Energy Center.
Total Attendance: 14699 (73.50%)
Total Ticket Income: $991,525
Other Income: $347,034
Total Income: $1,338,559
Tampa Bay Lightning
5 vs 5 Forward
Center Left Wing Right Wing Time % Phy DF OF
1 Anze Kopitar Johnny Gaudreau Travis Konecny 35 0 2 3
2 Logan Couture Roope Hintz Gustav Nyquist 30 0 2 3
3 Tomas Hertl Dylan Cozens Kirill Kaprizov 20 0 1 4
4 Tomas Hertl Trevor Moore Tyler Toffoli 15 0 2 3
5 vs 5 Defense
Defense Defense Time % Phy DF OF
1 Darnell Nurse Michael Matheson 40 0 3 2
2 Moritz Seider Hampus Lindholm 40 0 3 2
3 Vladislav Gavrikov Ryan Graves 20 0 4 1
4 Darnell Nurse Hampus Lindholm 0 0 3 2
PowerPlay Forward
Center Left Wing Right Wing Time % Phy DF OF
1 Anze Kopitar Johnny Gaudreau Travis Konecny 65 0 1 4
2 Logan Couture Roope Hintz Kirill Kaprizov 35 0 1 4
PowerPlay Defense
Defense Defense Time % Phy DF OF
1 Moritz Seider Michael Matheson 65 1 2 2
2 Darnell Nurse Hampus Lindholm 35 1 2 2
Penalty Kill 4 Players Forward
Center Wing Time % Phy DF OF
1 Anze Kopitar Logan Couture 55 1 4 0
2 Dylan Cozens Travis Konecny 45 1 4 0
Penalty Kill 4 Players Defense
Defense Defense Time % Phy DF OF
1 Vladislav Gavrikov Darnell Nurse 55 1 4 0
2 Ryan Graves Moritz Seider 45 1 4 0
Penalty Kill - 3 Players Forward
Forward Time % Phy DF OF
1 Anze Kopitar 50 1 4 0
2 Logan Couture 50 1 4 0
Penalty Kill - 3 Players Defense
Defense Defense Time % Phy DF OF
1 Vladislav Gavrikov Darnell Nurse 50 0 5 0
2 Ryan Graves Moritz Seider 50 0 5 0
4 vs 4 Forward
Center Wing Time % Phy DF OF
1 Anze Kopitar Dylan Cozens 55 0 2 3
2 Logan Couture Tomas Hertl 45 0 3 2
4 vs 4 Defense
Defense Defense Time % Phy DF OF
1 Darnell Nurse Hampus Lindholm 55 0 3 2
2 Moritz Seider Michael Matheson 45 0 3 2
Last Minutes Offensive
Center Left Wing Right Wing Defense Defense
Anze Kopitar Kirill Kaprizov Travis Konecny Darnell Nurse Hampus Lindholm
Last Minutes Defensive
Center Left Wing Right Wing Defense Defense
Anze Kopitar Kirill Kaprizov Travis Konecny Darnell Nurse Hampus Lindholm
Goaltenders
Starting : Jeremy Swayman
Backup : Filip Gustavsson
Extra Forwards
Normal : Trevor Moore, Roope Hintz, Johnny Gaudreau - PP : Roope Hintz, Dylan Cozens - PK : Gustav Nyquist
Extra Defensemen
Normal : Moritz Seider, Darnell Nurse, Vladislav Gavrikov - PP : Ryan Graves - PK : Hampus Lindholm, Michael Matheson
Penalty Shots
Gustav Nyquist, Kirill Kaprizov, Logan Couture, Trevor Moore, Anze Kopitar
Pittsburgh Penguins
5 vs 5 Forward
Center Left Wing Right Wing Time % Phy DF OF
1 Leon Draisaitl Pavel Buchnevich Mitchell Marner 30 1 2 2
2 Jean-Gabriel Pageau Anders Lee Sam Reinhart 30 1 2 2
3 Phillip Danault Jordan Eberle Ryan Johansen 25 1 2 2
4 Colton Sissons Gabriel Vilardi Tom Wilson 15 1 2 2
5 vs 5 Defense
Defense Defense Time % Phy DF OF
1 Erik Karlsson Mattias Ekholm 35 1 2 2
2 Ryan Suter Brian Dumoulin 35 1 2 2
3 Erik Gudbranson J.J. Moser 30 1 2 2
4 Erik Karlsson Mattias Ekholm 0 1 2 2
PowerPlay Forward
Center Left Wing Right Wing Time % Phy DF OF
1 Leon Draisaitl Pavel Buchnevich Mitchell Marner 50 1 2 2
2 Jean-Gabriel Pageau Anders Lee Sam Reinhart 50 1 2 2
PowerPlay Defense
Defense Defense Time % Phy DF OF
1 Erik Karlsson Mattias Ekholm 50 1 2 2
2 Ryan Suter Brian Dumoulin 50 1 2 2
Penalty Kill 4 Players Forward
Center Wing Time % Phy DF OF
1 Leon Draisaitl Mitchell Marner 50 1 2 2
2 Sam Reinhart Pavel Buchnevich 50 1 2 2
Penalty Kill 4 Players Defense
Defense Defense Time % Phy DF OF
1 Erik Karlsson Mattias Ekholm 50 1 2 2
2 Ryan Suter Brian Dumoulin 50 1 2 2
Penalty Kill - 3 Players Forward
Forward Time % Phy DF OF
1 Leon Draisaitl 50 1 2 2
2 Mitchell Marner 50 1 2 2
Penalty Kill - 3 Players Defense
Defense Defense Time % Phy DF OF
1 Erik Karlsson Mattias Ekholm 50 1 2 2
2 Ryan Suter Brian Dumoulin 50 1 2 2
4 vs 4 Forward
Center Wing Time % Phy DF OF
1 Leon Draisaitl Mitchell Marner 50 1 2 2
2 Sam Reinhart Pavel Buchnevich 50 1 2 2
4 vs 4 Defense
Defense Defense Time % Phy DF OF
1 Erik Karlsson Mattias Ekholm 50 1 2 2
2 Ryan Suter Brian Dumoulin 50 1 2 2
Last Minutes Offensive
Center Left Wing Right Wing Defense Defense
Leon Draisaitl Pavel Buchnevich Mitchell Marner Erik Karlsson Mattias Ekholm
Last Minutes Defensive
Center Left Wing Right Wing Defense Defense
Leon Draisaitl Pavel Buchnevich Mitchell Marner Erik Karlsson Mattias Ekholm
Goaltenders
Starting : Marc-Andre Fleury
Backup : Akira Schmid
Extra Forwards
Normal : Tom Wilson, Gabriel Vilardi, Phillip Danault - PP : Tom Wilson, Gabriel Vilardi - PK : Phillip Danault
Extra Defensemen
Normal : Erik Gudbranson, J.J. Moser, Ryan Suter - PP : Erik Gudbranson - PK : J.J. Moser, Ryan Suter
Penalty Shots
Leon Draisaitl, Mitchell Marner, Sam Reinhart, Pavel Buchnevich, Jean-Gabriel Pageau
% Time on Ice - Tampa Bay Lightning
Lines # - Real PCT - Wanted PCT - Time Play
Normal Forward
1 - 33% - 35% - 16:29
2 - 30% - 30% - 14:46
3 - 20% - 20% - 10:02
4 - 17% - 15% - 8:40
Normal Defense
1 - 38% - 40% - 19:07
2 - 38% - 40% - 19:04
3 - 24% - 20% - 11:46
4 - 0% - 0% - 0:00
PP Forward
1 - 55% - 65% - 3:40
2 - 45% - 35% - 3:01
PP Defense
1 - 65% - 65% - 4:19
2 - 35% - 35% - 2:22
PK Forward
1 - 73% - 55% - 2:27
2 - 27% - 45% - 0:55
PK Defense
1 - 53% - 55% - 1:48
2 - 47% - 45% - 1:34
PK3 Forward
1 - 0% - 50%
2 - 0% - 50%
PK3 Defense
1 - 0% - 50%
2 - 0% - 50%
44 Forward
1 - 0% - 55%
2 - 0% - 45%
44 Defense
1 - 0% - 55%
2 - 0% - 45%
Last Minute Offensive - 0:00
Last Minute Defensive - 0:00
Total
Forward - 60:00
Defense - 60:00
|
% Time on Ice - Pittsburgh Penguins
Lines # - Real PCT - Wanted PCT - Time Play
Normal Forward
1 - 29% - 30% - 14:29
2 - 30% - 30% - 14:48
3 - 24% - 25% - 11:56
4 - 17% - 15% - 8:44
Normal Defense
1 - 37% - 35% - 18:21
2 - 34% - 35% - 16:48
3 - 30% - 30% - 14:48
4 - 0% - 0% - 0:00
PP Forward
1 - 23% - 50% - 0:46
2 - 77% - 50% - 2:36
PP Defense
1 - 49% - 50% - 1:39
2 - 51% - 50% - 1:43
PK Forward
1 - 49% - 50% - 3:16
2 - 51% - 50% - 3:25
PK Defense
1 - 49% - 50% - 3:16
2 - 51% - 50% - 3:25
PK3 Forward
1 - 0% - 50%
2 - 0% - 50%
PK3 Defense
1 - 0% - 50%
2 - 0% - 50%
44 Forward
1 - 0% - 50%
2 - 0% - 50%
44 Defense
1 - 0% - 50%
2 - 0% - 50%
Last Minute Offensive - 0:00
Last Minute Defensive - 0:00
Total
Forward - 60:00
Defense - 60:00
|
Play-by-Play
1st period
0:01 of 1st period - Anze Kopitar wins face-off versus Leon Draisaitl in neutral zone.
0:08 of 1st period - Snap shot by Johnny Gaudreau.
0:08 of 1st period - Shot Blocked by Erik Karlsson.
0:36 of 1st period - Wrist shot by Roope Hintz.
0:36 of 1st period - Stopped by Marc-Andre Fleury with a rebound.
0:38 of 1st period - Snap shot by Michael Matheson.
0:38 of 1st period - Stopped by Marc-Andre Fleury with a rebound.
1:00 of 1st period - Off-side.
1:01 of 1st period - Colton Sissons wins face-off versus Tomas Hertl in neutral zone.
1:06 of 1st period - Snap shot by Tom Wilson.
1:06 of 1st period - Stopped by Jeremy Swayman with a rebound.
1:17 of 1st period - Minor Penalty to Tom Wilson for Slashing.
1:18 of 1st period - Anze Kopitar wins face-off versus Leon Draisaitl in Pittsburgh Penguins zone.
1:49 of 1st period - Snap shot by Kirill Kaprizov.
1:49 of 1st period - Stopped by Marc-Andre Fleury with a rebound.
1:51 of 1st period - Slapshot by Darnell Nurse.
1:51 of 1st period - Shot Misses the Net.
2:20 of 1st period - Sam Reinhart is hit by Kirill Kaprizov.
2:48 of 1st period - Mattias Ekholm is hit by Kirill Kaprizov and loses puck.
3:17 of 1st period - Penalty to Tom Wilson is over, Tom Wilson is back on ice.
3:23 of 1st period - Wrist shot by Sam Reinhart.
3:23 of 1st period - Shot Blocked by Hampus Lindholm.
3:25 of 1st period - Wrist shot by Sam Reinhart.
3:25 of 1st period - Goal by Sam Reinhart - Tampa Bay Lightning : 0 - Pittsburgh Penguins : 1.
3:26 of 1st period - Logan Couture wins face-off versus Phillip Danault in neutral zone.
3:29 of 1st period - J.J. Moser is hit by Roope Hintz and loses puck.
3:36 of 1st period - Slapshot by Logan Couture.
3:36 of 1st period - Stopped by Marc-Andre Fleury with a rebound.
3:38 of 1st period - Slapshot by Moritz Seider.
3:38 of 1st period - Stopped by Marc-Andre Fleury with a rebound.
3:40 of 1st period - Slapshot by Moritz Seider.
3:40 of 1st period - Deflect By Logan Couture.
3:40 of 1st period - Stopped by Marc-Andre Fleury with a rebound.
3:52 of 1st period - Erik Gudbranson is hit by Kirill Kaprizov.
4:16 of 1st period - Michael Matheson is hit by Brian Dumoulin and loses puck.
5:10 of 1st period - Snap shot by Mitchell Marner.
5:10 of 1st period - Shot Misses the Net.
5:16 of 1st period - Snap shot by Mitchell Marner.
5:16 of 1st period - Stopped by Jeremy Swayman with a rebound.
5:22 of 1st period - Michael Matheson is hit by J.J. Moser and loses puck.
6:24 of 1st period - Michael Matheson is hit by Leon Draisaitl and loses puck.
6:47 of 1st period - Snap shot by Leon Draisaitl.
6:47 of 1st period - Shot Misses the Net.
6:49 of 1st period - Wrist shot by Pavel Buchnevich.
6:49 of 1st period - Deflect By Leon Draisaitl.
6:49 of 1st period - Stopped by Jeremy Swayman with a rebound.
6:51 of 1st period - Backhand shot by J.J. Moser.
6:51 of 1st period - Shot Blocked by Darnell Nurse.
6:53 of 1st period - Snap shot by Mitchell Marner.
6:53 of 1st period - Shot Blocked by Darnell Nurse.
6:55 of 1st period - Wrist shot by Leon Draisaitl.
6:55 of 1st period - Stopped by Jeremy Swayman with a rebound.
6:57 of 1st period - Backhand shot by Leon Draisaitl.
6:57 of 1st period - Stopped by Jeremy Swayman with a rebound.
6:59 of 1st period - Wrist shot by Leon Draisaitl.
6:59 of 1st period - Stopped by Jeremy Swayman with a rebound.
7:01 of 1st period - Slapshot by Erik Gudbranson.
7:01 of 1st period - Shot Misses the Net.
7:28 of 1st period - Slapshot by Leon Draisaitl.
7:28 of 1st period - Deflect By Mitchell Marner.
7:28 of 1st period - Shot Blocked by Darnell Nurse.
7:28 of 1st period - Puck is out of play.
7:29 of 1st period - Anze Kopitar wins face-off versus Jean-Gabriel Pageau in Tampa Bay Lightning zone.
7:53 of 1st period - Minor Penalty to Hampus Lindholm for Interference.
7:54 of 1st period - Anders Lee wins face-off versus Anze Kopitar in Tampa Bay Lightning zone.
9:53 of 1st period - Penalty to Hampus Lindholm is over, Hampus Lindholm is back on ice.
10:36 of 1st period - Tomas Hertl is hit by Erik Karlsson and loses puck.
11:45 of 1st period - Logan Couture is hit by Phillip Danault and loses puck.
13:24 of 1st period - Colton Sissons is hit by Tomas Hertl and loses puck.
13:42 of 1st period - Ryan Suter is hit by Vladislav Gavrikov and loses puck.
13:53 of 1st period - Sam Reinhart is hit by Vladislav Gavrikov.
13:57 of 1st period - Ryan Suter is hit by Moritz Seider and loses puck.
14:10 of 1st period - Wrist shot by Jean-Gabriel Pageau.
14:10 of 1st period - Shot Misses the Net.
14:12 of 1st period - Slapshot by Mattias Ekholm.
14:12 of 1st period - Shot Blocked by Moritz Seider.
14:14 of 1st period - Slapshot by Mattias Ekholm.
14:14 of 1st period - Shot Misses the Net.
14:16 of 1st period - Wrist shot by Jean-Gabriel Pageau.
14:16 of 1st period - Shot Misses the Net.
14:18 of 1st period - Slapshot by Mattias Ekholm.
14:18 of 1st period - Shot Misses the Net.
14:39 of 1st period - Snap shot by Dylan Cozens.
14:39 of 1st period - Shot Misses the Net.
14:43 of 1st period - Snap shot by Kirill Kaprizov.
14:43 of 1st period - Shot Misses the Net.
16:03 of 1st period - Snap shot by Sam Reinhart.
16:03 of 1st period - Deflect By Jean-Gabriel Pageau.
16:03 of 1st period - Shot Misses the Net.
16:03 of 1st period - Puck is out of play.
16:04 of 1st period - Logan Couture wins face-off versus Jordan Eberle in Tampa Bay Lightning zone.
16:39 of 1st period - Wrist shot by Johnny Gaudreau.
16:39 of 1st period - Stopped by Marc-Andre Fleury without a rebound.
16:40 of 1st period - Colton Sissons wins face-off versus Anze Kopitar in Pittsburgh Penguins zone.
16:49 of 1st period - Slapshot by Travis Konecny.
16:49 of 1st period - Stopped by Marc-Andre Fleury with a rebound.
16:51 of 1st period - Snap shot by Darnell Nurse.
16:51 of 1st period - Stopped by Marc-Andre Fleury without a rebound.
16:52 of 1st period - Phillip Danault wins face-off versus Logan Couture in Pittsburgh Penguins zone.
17:07 of 1st period - Slapshot by Roope Hintz.
17:07 of 1st period - Stopped by Marc-Andre Fleury without a rebound.
17:08 of 1st period - Leon Draisaitl wins face-off versus Anze Kopitar in Pittsburgh Penguins zone.
17:35 of 1st period - Mattias Ekholm is hit by Roope Hintz and loses puck.
17:42 of 1st period - Snap shot by Gustav Nyquist.
17:42 of 1st period - Deflect By Erik Karlsson.
17:42 of 1st period - Stopped by Marc-Andre Fleury without a rebound.
17:43 of 1st period - Phillip Danault wins face-off versus Logan Couture in Pittsburgh Penguins zone.
17:52 of 1st period - Wrist shot by Phillip Danault.
17:52 of 1st period - Shot Misses the Net.
18:10 of 1st period - Darnell Nurse is hit by Colton Sissons and loses puck.
18:50 of 1st period - Johnny Gaudreau is hit by Leon Draisaitl and loses puck.
18:55 of 1st period - Wrist shot by Mitchell Marner.
18:55 of 1st period - Stopped by Jeremy Swayman without a rebound.
18:56 of 1st period - Tomas Hertl wins face-off versus Phillip Danault in Tampa Bay Lightning zone.
19:25 of 1st period - J.J. Moser is hit by Travis Konecny and loses puck.
19:47 of 1st period - Off-side.
19:48 of 1st period - Dylan Cozens wins face-off versus Jean-Gabriel Pageau in neutral zone.
Goals for this period are 0 for Tampa Bay Lightning vs 1 for Pittsburgh Penguins.
Shots for this period are 11 for Tampa Bay Lightning vs 8 for Pittsburgh Penguins.
2nd period
0:01 of 2nd period - Jean-Gabriel Pageau wins face-off versus Anze Kopitar in neutral zone.
0:11 of 2nd period - Icing by Anze Kopitar.
0:12 of 2nd period - Anze Kopitar wins face-off versus Phillip Danault in Tampa Bay Lightning zone.
0:17 of 2nd period - Moritz Seider is hit by Brian Dumoulin and loses puck.
0:22 of 2nd period - Slapshot by Jordan Eberle.
0:22 of 2nd period - Shot Misses the Net.
0:24 of 2nd period - Wrist shot by Ryan Johansen.
0:24 of 2nd period - Stopped by Jeremy Swayman with a rebound.
0:41 of 2nd period - Snap shot by Johnny Gaudreau.
0:41 of 2nd period - Stopped by Marc-Andre Fleury with a rebound.
0:43 of 2nd period - Slapshot by Travis Konecny.
0:43 of 2nd period - Stopped by Marc-Andre Fleury with a rebound.
0:47 of 2nd period - Snap shot by Johnny Gaudreau.
0:47 of 2nd period - Shot Misses the Net.
0:49 of 2nd period - Slapshot by Hampus Lindholm.
0:49 of 2nd period - Shot Misses the Net.
0:51 of 2nd period - Snap shot by Anze Kopitar.
0:51 of 2nd period - Stopped by Marc-Andre Fleury without a rebound.
0:52 of 2nd period - Leon Draisaitl wins face-off versus Logan Couture in Pittsburgh Penguins zone.
0:54 of 2nd period - Minor Penalty to Erik Karlsson for Hooking.
0:55 of 2nd period - Anze Kopitar wins face-off versus Leon Draisaitl in Pittsburgh Penguins zone.
1:21 of 2nd period - J.J. Moser is hit by Logan Couture and loses puck.
2:54 of 2nd period - Penalty to Erik Karlsson is over, Erik Karlsson is back on ice.
4:25 of 2nd period - Slapshot by Erik Karlsson.
4:25 of 2nd period - Stopped by Jeremy Swayman with a rebound.
5:58 of 2nd period - Snap shot by Sam Reinhart.
5:58 of 2nd period - Stopped by Jeremy Swayman without a rebound.
5:59 of 2nd period - Jean-Gabriel Pageau wins face-off versus Anze Kopitar in Tampa Bay Lightning zone.
6:12 of 2nd period - Snap shot by Johnny Gaudreau.
6:12 of 2nd period - Shot Misses the Net.
6:44 of 2nd period - Off-side.
6:45 of 2nd period - Anze Kopitar wins face-off versus Phillip Danault in neutral zone.
6:56 of 2nd period - Snap shot by Travis Konecny.
6:56 of 2nd period - Deflect By Johnny Gaudreau.
6:56 of 2nd period - Stopped by Marc-Andre Fleury with a rebound.
7:18 of 2nd period - Slapshot by Darnell Nurse.
7:18 of 2nd period - Stopped by Marc-Andre Fleury with a rebound.
7:32 of 2nd period - Wrist shot by Leon Draisaitl.
7:32 of 2nd period - Stopped by Jeremy Swayman without a rebound.
7:33 of 2nd period - Anze Kopitar wins face-off versus Leon Draisaitl in Tampa Bay Lightning zone.
7:33 of 2nd period - Anze Kopitar is hit by Pavel Buchnevich.
8:04 of 2nd period - Darnell Nurse is hit by Leon Draisaitl and loses puck.
8:27 of 2nd period - Snap shot by Tyler Toffoli.
8:27 of 2nd period - Shot Misses the Net.
8:36 of 2nd period - Icing by Sam Reinhart.
8:37 of 2nd period - Phillip Danault wins face-off versus Anze Kopitar in Pittsburgh Penguins zone.
8:50 of 2nd period - Slapshot by Ryan Johansen.
8:50 of 2nd period - Stopped by Jeremy Swayman with a rebound.
10:09 of 2nd period - Michael Matheson is hit by Jordan Eberle and loses puck.
10:28 of 2nd period - Tom Wilson is hit by Roope Hintz and loses puck.
10:45 of 2nd period - Sam Reinhart is hit by Johnny Gaudreau and loses puck.
10:50 of 2nd period - Snap shot by Johnny Gaudreau.
10:50 of 2nd period - Shot Misses the Net.
10:52 of 2nd period - Slapshot by Johnny Gaudreau.
10:52 of 2nd period - Shot Blocked by Erik Gudbranson.
11:36 of 2nd period - Minor Penalty to Phillip Danault for Kneeing.
11:37 of 2nd period - Leon Draisaitl wins face-off versus Anze Kopitar in Pittsburgh Penguins zone.
12:20 of 2nd period - Wrist shot by Logan Couture.
12:20 of 2nd period - Goal by Logan Couture - Tampa Bay Lightning : 1 - Pittsburgh Penguins : 1.
12:21 of 2nd period - Anze Kopitar wins face-off versus Jean-Gabriel Pageau in neutral zone.
12:49 of 2nd period - Wrist shot by Mitchell Marner.
12:49 of 2nd period - Stopped by Jeremy Swayman with a rebound.
12:51 of 2nd period - Snap shot by Pavel Buchnevich.
12:51 of 2nd period - Stopped by Jeremy Swayman with a rebound.
12:53 of 2nd period - Slapshot by Erik Karlsson.
12:53 of 2nd period - Stopped by Jeremy Swayman without a rebound.
12:54 of 2nd period - Leon Draisaitl wins face-off versus Logan Couture in Tampa Bay Lightning zone.
13:08 of 2nd period - Minor Penalty to Hampus Lindholm for Roughing.
13:09 of 2nd period - Leon Draisaitl wins face-off versus Anze Kopitar in Tampa Bay Lightning zone.
13:41 of 2nd period - Snap shot by Jean-Gabriel Pageau.
13:41 of 2nd period - Stopped by Jeremy Swayman without a rebound.
13:42 of 2nd period - Jean-Gabriel Pageau wins face-off versus Logan Couture in Tampa Bay Lightning zone.
13:51 of 2nd period - Snap shot by Anders Lee.
13:51 of 2nd period - Stopped by Jeremy Swayman with a rebound.
13:53 of 2nd period - Snap shot by Sam Reinhart.
13:53 of 2nd period - Stopped by Jeremy Swayman without a rebound.
13:54 of 2nd period - Anze Kopitar wins face-off versus Leon Draisaitl in Tampa Bay Lightning zone.
14:21 of 2nd period - Dylan Cozens is hit by Brian Dumoulin.
14:27 of 2nd period - Snap shot by Sam Reinhart.
14:27 of 2nd period - Stopped by Jeremy Swayman with a rebound.
14:31 of 2nd period - Slapshot by Sam Reinhart.
14:31 of 2nd period - Goal by Sam Reinhart - Tampa Bay Lightning : 1 - Pittsburgh Penguins : 2.
14:32 of 2nd period - Anze Kopitar wins face-off versus Jean-Gabriel Pageau in neutral zone.
14:41 of 2nd period - Wrist shot by Anze Kopitar.
14:41 of 2nd period - Stopped by Marc-Andre Fleury without a rebound.
14:42 of 2nd period - Anders Lee wins face-off versus Anze Kopitar in Pittsburgh Penguins zone.
15:01 of 2nd period - Icing by Jean-Gabriel Pageau.
15:02 of 2nd period - Gustav Nyquist wins face-off versus Jean-Gabriel Pageau in Pittsburgh Penguins zone.
15:39 of 2nd period - Slapshot by Hampus Lindholm.
15:39 of 2nd period - Deflect By Anders Lee.
15:39 of 2nd period - Stopped by Marc-Andre Fleury without a rebound.
15:40 of 2nd period - Phillip Danault wins face-off versus Logan Couture in Pittsburgh Penguins zone.
15:40 of 2nd period - Phillip Danault is hit by Logan Couture.
15:45 of 2nd period - Off-side.
15:46 of 2nd period - Logan Couture wins face-off versus Phillip Danault in neutral zone.
17:29 of 2nd period - Snap shot by Jordan Eberle.
17:29 of 2nd period - Stopped by Jeremy Swayman without a rebound.
17:30 of 2nd period - Logan Couture wins face-off versus Leon Draisaitl in Tampa Bay Lightning zone.
17:30 of 2nd period - Logan Couture is hit by Pavel Buchnevich.
17:48 of 2nd period - Pavel Buchnevich is hit by Logan Couture and loses puck.
18:42 of 2nd period - Snap shot by Kirill Kaprizov.
18:42 of 2nd period - Shot Misses the Net.
19:31 of 2nd period - Snap shot by Kirill Kaprizov.
19:31 of 2nd period - Deflect By Tomas Hertl.
19:31 of 2nd period - Shot Blocked by Brian Dumoulin.
19:31 of 2nd period - Puck is out of play.
19:32 of 2nd period - Logan Couture wins face-off versus Jean-Gabriel Pageau in Pittsburgh Penguins zone.
19:51 of 2nd period - Roope Hintz is hit by Jean-Gabriel Pageau and loses puck.
Goals for this period are 1 for Tampa Bay Lightning vs 1 for Pittsburgh Penguins.
Shots for this period are 8 for Tampa Bay Lightning vs 14 for Pittsburgh Penguins.
3rd period
0:01 of 3rd period - Anze Kopitar wins face-off versus Leon Draisaitl in neutral zone.
0:06 of 3rd period - Backhand shot by Travis Konecny.
0:06 of 3rd period - Stopped by Marc-Andre Fleury without a rebound.
0:07 of 3rd period - Leon Draisaitl wins face-off versus Anze Kopitar in Pittsburgh Penguins zone.
0:32 of 3rd period - Darnell Nurse is hit by Mitchell Marner and loses puck.
0:59 of 3rd period - Slapshot by Johnny Gaudreau.
0:59 of 3rd period - Shot Misses the Net.
1:01 of 3rd period - Slapshot by Michael Matheson.
1:01 of 3rd period - Deflect By Johnny Gaudreau.
1:01 of 3rd period - Shot Blocked by Mattias Ekholm.
1:01 of 3rd period - Puck is out of play.
1:02 of 3rd period - Logan Couture wins face-off versus Phillip Danault in Pittsburgh Penguins zone.
1:13 of 3rd period - Brian Dumoulin is hit by Moritz Seider and loses puck.
1:40 of 3rd period - Snap shot by Tyler Toffoli.
1:40 of 3rd period - Shot Misses the Net.
2:14 of 3rd period - Slapshot by Ryan Johansen.
2:14 of 3rd period - Shot Blocked by Vladislav Gavrikov.
2:16 of 3rd period - Slapshot by Jordan Eberle.
2:16 of 3rd period - Stopped by Jeremy Swayman with a rebound.
2:18 of 3rd period - Wrist shot by Phillip Danault.
2:18 of 3rd period - Stopped by Jeremy Swayman with a rebound.
3:10 of 3rd period - Snap shot by Jordan Eberle.
3:10 of 3rd period - Shot Misses the Net.
3:12 of 3rd period - Slapshot by Erik Gudbranson.
3:12 of 3rd period - Deflect By Phillip Danault.
3:12 of 3rd period - Goal by Phillip Danault - Tampa Bay Lightning : 1 - Pittsburgh Penguins : 3.
3:13 of 3rd period - Pavel Buchnevich wins face-off versus Anze Kopitar in neutral zone.
4:44 of 3rd period - Ryan Graves is hit by Mitchell Marner and loses puck.
6:48 of 3rd period - Ryan Suter is hit by Trevor Moore and loses puck.
7:23 of 3rd period - Wrist shot by Mitchell Marner.
7:23 of 3rd period - Stopped by Jeremy Swayman with a rebound.
7:25 of 3rd period - Slapshot by Ryan Suter.
7:25 of 3rd period - Stopped by Jeremy Swayman without a rebound.
7:26 of 3rd period - Logan Couture wins face-off versus Leon Draisaitl in Tampa Bay Lightning zone.
8:11 of 3rd period - Snap shot by Kirill Kaprizov.
8:11 of 3rd period - Stopped by Marc-Andre Fleury with a rebound.
8:27 of 3rd period - Slapshot by Leon Draisaitl.
8:27 of 3rd period - Stopped by Jeremy Swayman with a rebound.
8:29 of 3rd period - Backhand shot by Leon Draisaitl.
8:29 of 3rd period - Stopped by Jeremy Swayman without a rebound.
8:30 of 3rd period - Leon Draisaitl wins face-off versus Anze Kopitar in Tampa Bay Lightning zone.
8:33 of 3rd period - Snap shot by Pavel Buchnevich.
8:33 of 3rd period - Stopped by Jeremy Swayman with a rebound.
8:35 of 3rd period - Snap shot by Pavel Buchnevich.
8:35 of 3rd period - Stopped by Jeremy Swayman with a rebound.
8:37 of 3rd period - Snap shot by Leon Draisaitl.
8:37 of 3rd period - Shot Misses the Net.
8:41 of 3rd period - Wrist shot by Mitchell Marner.
8:41 of 3rd period - Shot Misses the Net.
8:43 of 3rd period - Wrist shot by Mitchell Marner.
8:43 of 3rd period - Stopped by Jeremy Swayman without a rebound.
8:44 of 3rd period - Jean-Gabriel Pageau wins face-off versus Anze Kopitar in Tampa Bay Lightning zone.
9:07 of 3rd period - Minor Penalty to Brian Dumoulin for Holding.
9:08 of 3rd period - Anze Kopitar wins face-off versus Leon Draisaitl in Pittsburgh Penguins zone.
9:43 of 3rd period - Slapshot by Michael Matheson.
9:43 of 3rd period - Stopped by Marc-Andre Fleury with a rebound.
9:45 of 3rd period - Wrist shot by Kirill Kaprizov.
9:45 of 3rd period - Shot Misses the Net.
11:07 of 3rd period - Penalty to Brian Dumoulin is over, Brian Dumoulin is back on ice.
11:17 of 3rd period - Icing by Jordan Eberle.
11:18 of 3rd period - Colton Sissons wins face-off versus Tyler Toffoli in Pittsburgh Penguins zone.
12:27 of 3rd period - Off-side.
12:28 of 3rd period - Leon Draisaitl wins face-off versus Anze Kopitar in neutral zone.
13:23 of 3rd period - Wrist shot by Johnny Gaudreau.
13:23 of 3rd period - Shot Misses the Net.
14:23 of 3rd period - Logan Couture is hit by J.J. Moser and loses puck.
16:16 of 3rd period - Wrist shot by Tom Wilson.
16:16 of 3rd period - Shot Misses the Net.
16:18 of 3rd period - Snap shot by Tom Wilson.
16:18 of 3rd period - Goal by Tom Wilson - Tampa Bay Lightning : 1 - Pittsburgh Penguins : 4.
16:19 of 3rd period - Anze Kopitar wins face-off versus Leon Draisaitl in neutral zone.
17:15 of 3rd period - Slapshot by Ryan Johansen.
17:15 of 3rd period - Shot Blocked by Hampus Lindholm.
18:51 of 3rd period - Slapshot by Gabriel Vilardi.
18:51 of 3rd period - Shot Misses the Net.
19:30 of 3rd period - Jordan Eberle is hit by Travis Konecny and loses puck.
Goals for this period are 0 for Tampa Bay Lightning vs 2 for Pittsburgh Penguins.
Shots for this period are 3 for Tampa Bay Lightning vs 11 for Pittsburgh Penguins.
Back to the Top